TOP OF THE 1ST |
Calgary Cowboys batting - Pitching for District 9 Prawns : RHP Silvio Fiermonte
|
Pitching: RHP Silvio Fiermonte
|
|
Batting: RHB Don Hooper
|
0-0: Ball 1-0: Called Strike 1-1: Swinging Strike 1-2: Ball 2-2: Fly out, F8 (Flyball, 78D)
|
Batting: RHB César Rodríguez
|
0-0: Foul Ball, location: 2F 0-1: Foul Ball, location: 2F 0-2: Strikes out looking
|
Batting: LHB Edgar López
|
0-0: Ball 1-0: Ball 2-0: Called Strike 2-1: Ball 3-1: Base on Balls
|
Batting: SHB Ramiro Medrano
|
0-0: Ball 1-0: Foul Ball, location: 2F 1-1: Swinging Strike 1-2: Fielders Choice at 2nd, 6-4 (Groundball, 6)
|
Top of the 1st over - 0 runs, 0 hits, 0 errors, 1 left on base; Calgary 0 - District 9 0 |
BOTTOM OF THE 1ST |
District 9 Prawns batting - Pitching for Calgary Cowboys : RHP Ron Chapman
|
Pitching: RHP Ron Chapman
|
|
Batting: SHB Júlio Macías
|
0-0: Called Strike 0-1: Called Strike 0-2: Foul Ball, location: 2F 0-2: Strikes out swinging
|
Batting: RHB Bernardo Corona
|
0-0: Foul Ball, location: 2F 0-1: Fly out, F7 (Flyball, 78S)
|
Batting: LHB Terry Simpson
|
0-0: Ball 1-0: Swinging Strike 1-1: SINGLE (Groundball, 6D)
|
Batting: LHB Mike Davis
|
0-0: Called Strike 0-1: Called Strike 0-2: SINGLE (Flyball, 7LM) Terry Simpson to second
|
Batting: SHB Chris Barrett
|
0-0: Ball 1-0: Ball 2-0: Ball 3-0: Base on Balls Terry Simpson to third Mike Davis to second
|
Batting: LHB Manuel Cardenas
|
0-0: Ball 1-0: Swinging Strike 1-1: Foul Ball, location: 2F 1-2: Foul Ball, location: 2F 1-2: Ball 2-2: Ball 3-2: Foul Ball, location: 2F 3-2: Base on Balls Terry Simpson scores Mike Davis to third Chris Barrett to second
|
Batting: LHB Al Bartlett
|
0-0: Ball 1-0: Fly out, F7 (Flyball, 7S)
|
Bottom of the 1st over - 1 run, 2 hits, 0 errors, 3 left on base; Calgary 0 - District 9 1 |
TOP OF THE 2ND |
Calgary Cowboys batting - Pitching for District 9 Prawns : RHP Silvio Fiermonte
|
Batting: LHB Anacleto Morillo
|
0-0: Called Strike 0-1: Ball 1-1: Swinging Strike 1-2: Ball 2-2: SINGLE (Line Drive, 6MD)
|
Batting: RHB Alfredo Hernández
|
0-0: Swinging Strike 0-1: Fly out, F9 (Flyball, 9)
|
Batting: LHB José López
|
0-0: Ball 1-0: Ball 2-0: Called Strike 2-1: Ball 3-1: Ground out U3 (Groundball, 3S) Anacleto Morillo to second
|
Batting: LHB Miguel Pérez
|
0-0: Ball 1-0: Called Strike 1-1: Called Strike 1-2: Foul Ball, location: 2F 1-2: DOUBLE (Line Drive, 5D) Anacleto Morillo scores
|
Batting: RHB Ismael Ortíz
|
0-0: Foul Ball, location: 2F 0-1: Foul Ball, location: 2F 0-2: Strikes out swinging
|
Top of the 2nd over - 1 run, 2 hits, 0 errors, 1 left on base; Calgary 1 - District 9 1 |
BOTTOM OF THE 2ND |
District 9 Prawns batting - Pitching for Calgary Cowboys : RHP Ron Chapman
|
Batting: LHB António Romo
|
0-0: Foul Ball, location: 2F 0-1: Ball 1-1: Foul Ball, location: 2F 1-2: Fly out, F8 (Flyball, 89D)
|
Batting: RHB José Colón
|
0-0: Called Strike 0-1: Ball 1-1: Ball 2-1: Foul Ball, location: 2F 2-2: SINGLE (Groundball, 4MD)
|
Batting: SHB Júlio Macías
|
0-0: Ball 1-0: Ball 2-0: Grounds into double play, 4-6-3 (Groundball, 4D)
|
Bottom of the 2nd over - 0 runs, 1 hit, 0 errors, 0 left on base; Calgary 1 - District 9 1 |
TOP OF THE 3RD |
Calgary Cowboys batting - Pitching for District 9 Prawns : RHP Silvio Fiermonte
|
Batting: RHB Don Hooper
|
0-0: Ball 1-0: Called Strike 1-1: Ball 2-1: Foul Ball, location: 2F 2-2: Foul Ball, location: 2F 2-2: Ball 3-2: Fly out, F9 (Flyball, 89D)
|
Batting: RHB César Rodríguez
|
0-0: Swinging Strike 0-1: Ball 1-1: Ground out 5-3 (Groundball, 56S)
|
Batting: LHB Edgar López
|
0-0: Called Strike 0-1: Called Strike 0-2: Ball 1-2: Ball 2-2: Ball 3-2: Base on Balls
|
Batting: SHB Ramiro Medrano
|
0-0: Foul Ball, location: 2F 0-1: Foul Ball, location: 2F 0-2: Foul Ball, location: 2F 0-2: Ball 1-2: Ball 2-2: Ball 3-2: Ground out U3 (Groundball, 34)
|
Top of the 3rd over - 0 runs, 0 hits, 0 errors, 1 left on base; Calgary 1 - District 9 1 |
BOTTOM OF THE 3RD |
District 9 Prawns batting - Pitching for Calgary Cowboys : RHP Ron Chapman
|
Batting: RHB Bernardo Corona
|
0-0: Fly out, F7 (Flyball, 7S)
|
Batting: LHB Terry Simpson
|
0-0: Swinging Strike 0-1: Ball 1-1: Ball 2-1: Swinging Strike 2-2: Strikes out swinging
|
Batting: LHB Mike Davis
|
0-0: Ball 1-0: Swinging Strike 1-1: Foul Ball, location: 2F 1-2: SINGLE (Flyball, 8RS)
|
Batting: SHB Chris Barrett
|
0-0: Foul Ball, location: 2F 0-1: Ball 1-1: Foul Ball, location: 2F 1-2: Ball 2-2: Fly out, F9 (Flyball, 9D)
|
Bottom of the 3rd over - 0 runs, 1 hit, 0 errors, 1 left on base; Calgary 1 - District 9 1 |
TOP OF THE 4TH |
Calgary Cowboys batting - Pitching for District 9 Prawns : RHP Silvio Fiermonte
|
Batting: LHB Anacleto Morillo
|
0-0: Ball 1-0: Ball 2-0: Ball 3-0: Base on Balls
|
Batting: RHB Alfredo Hernández
|
0-0: Called Strike 0-1: Called Strike 0-2: Ball 1-2: SINGLE (Line Drive, 6M) Anacleto Morillo to second
|
Batting: LHB José López
|
0-0: Reached on error, E4 (Groundball, 4) Anacleto Morillo to third Alfredo Hernández to second
|
Batting: LHB Miguel Pérez
|
0-0: Ball 1-0: Ball 2-0: Ball 3-0: Called Strike 3-1: Base on Balls Anacleto Morillo scores Alfredo Hernández to third José López to second
|
Batting: RHB Ismael Ortíz
|
0-0: Ball 1-0: Ground out 3-1 (Groundball, 34S) Alfredo Hernández scores José López to third Miguel Pérez to second
|
Batting: RHB Don Hooper
|
0-0: Called Strike 0-1: Ball 1-1: SINGLE (Flyball, 89M) José López scores Miguel Pérez to third
|
Batting: RHB César Rodríguez
|
0-0: Grounds into double play, 6-4-3 (Groundball, 6)
|
Top of the 4th over - 3 runs, 2 hits, 1 error, 1 left on base; Calgary 4 - District 9 1 |
BOTTOM OF THE 4TH |
District 9 Prawns batting - Pitching for Calgary Cowboys : RHP Ron Chapman
|
Batting: LHB Manuel Cardenas
|
0-0: Swinging Strike 0-1: Called Strike 0-2: Ball 1-2: Ball 2-2: Ball 3-2: Strikes out swinging
|
Batting: LHB Al Bartlett
|
0-0: Fly out, F5 (Line Drive, 5S)
|
Batting: LHB António Romo
|
0-0: Ball 1-0: Foul Ball, location: 2F 1-1: Swinging Strike 1-2: Strikes out swinging
|
Bottom of the 4th over - 0 runs, 0 hits, 0 errors, 0 left on base; Calgary 4 - District 9 1 |
TOP OF THE 5TH |
Calgary Cowboys batting - Pitching for District 9 Prawns : RHP Silvio Fiermonte
|
Batting: LHB Edgar López
|
0-0: SINGLE (Flyball, 8RS)
|
Batting: SHB Ramiro Medrano
|
0-0: Called Strike 0-1: SINGLE (Line Drive, 9LM) Edgar López to second Runner from 2nd tries for 3rd, SAFE, no throw
|
Batting: LHB Anacleto Morillo
|
0-0: Ball 1-0: Called Strike 1-1: Swinging Strike 1-2: Foul Ball, location: 2F 1-2: Ball 2-2: Foul Ball, location: 2F 2-2: Ball 3-2: Foul Ball, location: 2F 3-2: Base on Balls Ramiro Medrano to second
|
Batting: RHB Alfredo Hernández
|
0-0: Swinging Strike 0-1: Ball 1-1: Ground out 4-3 (Groundball, 4S) Edgar López scores Ramiro Medrano to third Anacleto Morillo to second
|
Batting: LHB José López
|
0-0: Ground out 4-3 (Groundball, 4) Ramiro Medrano scores Anacleto Morillo to third
|
Batting: LHB Miguel Pérez
|
0-0: Called Strike 0-1: Ball 1-1: Foul Ball, location: 2F 1-2: Strikes out swinging
|
Top of the 5th over - 2 runs, 2 hits, 0 errors, 1 left on base; Calgary 6 - District 9 1 |
BOTTOM OF THE 5TH |
District 9 Prawns batting - Pitching for Calgary Cowboys : RHP Ron Chapman
|
Batting: RHB José Colón
|
0-0: Swinging Strike 0-1: Ball 1-1: Fly out, F6 (Line Drive, 6)
|
Batting: SHB Júlio Macías
|
0-0: Ball 1-0: Ball 2-0: Ball 3-0: Called Strike 3-1: Foul Ball, location: 2F 3-2: Base on Balls
|
Batting: RHB Bernardo Corona
|
0-0: Ball 1-0: Fly out, F9 (Flyball, 9D)
|
Batting: LHB Terry Simpson
|
0-0: Called Strike 0-1: Ball 1-1: Called Strike 1-2: Fly out, F7 (Flyball, 7S)
|
Bottom of the 5th over - 0 runs, 0 hits, 0 errors, 1 left on base; Calgary 6 - District 9 1 |
TOP OF THE 6TH |
Calgary Cowboys batting - Pitching for District 9 Prawns : RHP Silvio Fiermonte
|
Pitching: RHP Johnathan McJannett
|
|
Batting: RHB Ismael Ortíz
|
0-0: Ball 1-0: Ball 2-0: Ball 3-0: Foul Ball, location: 2F 3-1: Base on Balls
|
Batting: RHB Don Hooper
|
0-0: Ball 1-0: Ball 2-0: Foul Ball, location: 2F 2-1: Ball 3-1: Fly out, F9 (Line Drive, 9)
|
Batting: RHB César Rodríguez
|
0-0: Called Strike 0-1: Swinging Strike 0-2: Strikes out swinging
|
Batting: LHB Edgar López
|
Pickoff Throw to First - Out!
|
Top of the 6th over - 0 runs, 0 hits, 0 errors, 0 left on base; Calgary 6 - District 9 1 |
BOTTOM OF THE 6TH |
District 9 Prawns batting - Pitching for Calgary Cowboys : RHP Ron Chapman
|
Batting: LHB Mike Davis
|
0-0: Foul Ball, location: 2F 0-1: Ground out 4-3 (Groundball, 4)
|
Batting: SHB Chris Barrett
|
0-0: Ball 1-0: Called Strike 1-1: Ball 2-1: Foul Ball, location: 2F 2-2: Fly out, F5 (Popup, 25F)
|
Batting: LHB Manuel Cardenas
|
0-0: Ball 1-0: Ball 2-0: Ball 3-0: Called Strike 3-1: Called Strike 3-2: Strikes out looking
|
Bottom of the 6th over - 0 runs, 0 hits, 0 errors, 0 left on base; Calgary 6 - District 9 1 |
TOP OF THE 7TH |
Calgary Cowboys batting - Pitching for District 9 Prawns : RHP Johnathan McJannett
|
Batting: LHB Edgar López
|
0-0: Fly out, F1 (Line Drive, 13)
|
Batting: SHB Ramiro Medrano
|
0-0: Ball 1-0: Ball 2-0: Ball 3-0: Called Strike 3-1: Base on Balls
|
Batting: LHB Anacleto Morillo
|
0-0: Ball 1-0: Foul Ball, location: 2F 1-1: Called Strike 1-2: Foul Ball, location: 2F 1-2: Foul Ball, location: 2F 1-2: Foul Ball, location: 2F 1-2: Foul Ball, location: 2F 1-2: Strikes out swinging
|
Batting: RHB Alfredo Hernández
|
0-0: Ball Ramiro Medrano steals 2nd base 1-0: Called Strike 1-1: Ball 2-1: Foul Ball, location: 2F 2-2: Strikes out looking
|
Top of the 7th over - 0 runs, 0 hits, 0 errors, 1 left on base; Calgary 6 - District 9 1 |
BOTTOM OF THE 7TH |
District 9 Prawns batting - Pitching for Calgary Cowboys : RHP Ron Chapman
|
Pitching: RHP Esteban Alfonzo
|
|
Batting: LHB Al Bartlett
|
0-0: Called Strike 0-1: Foul Ball, location: 2F 0-2: Ball 1-2: Strikes out swinging
|
Batting: LHB António Romo
|
0-0: Ball 1-0: Ball 2-0: Ball 3-0: Called Strike 3-1: Base on Balls
|
Batting: RHB José Colón
|
0-0: Called Strike 0-1: Ball Wild Pitch! António Romo to second 1-1: Foul Ball, location: 2F 1-2: Strikes out looking
|
Batting: SHB Júlio Macías
|
0-0: Ball 1-0: SINGLE (Groundball, 56D) António Romo to third Runner from 3rd tries for Home, throw and OUT!
|
Bottom of the 7th over - 0 runs, 1 hit, 0 errors, 1 left on base; Calgary 6 - District 9 1 |
TOP OF THE 8TH |
Calgary Cowboys batting - Pitching for District 9 Prawns : RHP Johnathan McJannett
|
Batting: LHB José López
|
0-0: Called Strike 0-1: Ball 1-1: Ball 2-1: Called Strike 2-2: Strikes out looking
|
Batting: LHB Miguel Pérez
|
0-0: Ball 1-0: Foul Ball, location: 2F 1-1: Foul Ball, location: 2F 1-2: Strikes out swinging
|
Batting: RHB Ismael Ortíz
|
0-0: Swinging Strike 0-1: Ball 1-1: Swinging Strike 1-2: Ball 2-2: Foul Ball, location: 2F 2-2: Strikes out swinging
|
Top of the 8th over - 0 runs, 0 hits, 0 errors, 0 left on base; Calgary 6 - District 9 1 |
BOTTOM OF THE 8TH |
District 9 Prawns batting - Pitching for Calgary Cowboys : RHP Esteban Alfonzo
|
Batting: RHB Bernardo Corona
|
0-0: Fly out, F9 (Flyball, 9S)
|
Batting: LHB Terry Simpson
|
0-0: Ball 1-0: Ball 2-0: Ball 3-0: Base on Balls
|
Batting: LHB Mike Davis
|
0-0: Ball 1-0: Ball 2-0: Called Strike 2-1: Foul Ball, location: 2F 2-2: Strikes out swinging
|
Batting: SHB Chris Barrett
|
0-0: Ball 1-0: Fly out, F9 (Flyball, 9LSF)
|
Bottom of the 8th over - 0 runs, 0 hits, 0 errors, 1 left on base; Calgary 6 - District 9 1 |
TOP OF THE 9TH |
Calgary Cowboys batting - Pitching for District 9 Prawns : RHP Johnathan McJannett
|
Batting: RHB Don Hooper
|
0-0: Ball 1-0: Foul Ball, location: 2F 1-1: Swinging Strike 1-2: SINGLE (Groundball, 6MD)
|
Batting: RHB César Rodríguez
|
0-0: Ball 1-0: SINGLE (Line Drive, 34D) Don Hooper to second
|
Batting: LHB Edgar López
|
0-0: Ball 1-0: Ball 2-0: Ball 3-0: SINGLE (Line Drive, 8RS) Don Hooper to third César Rodríguez to second Runner from 3rd tries for Home, SAFE, no throw
|
Batting: SHB Ramiro Medrano
|
0-0: Ball 1-0: Ball 2-0: Ball 3-0: Base on Balls César Rodríguez to third Edgar López to second
|
Batting: LHB Anacleto Morillo
|
0-0: Ball 1-0: Called Strike 1-1: Fly out, F8 (Flyball, 8RS) Runner from 3rd tags up, SCORES, no throw
|
Batting: RHB Alfredo Hernández
|
0-0: Swinging Strike 0-1: Foul Ball, location: 2F 0-2: Strikes out looking
|
Batting: LHB José López
|
0-0: Called Strike 0-1: Called Strike 0-2: Ball 1-2: Ball 2-2: Fly out, F9 (Flyball, 9D)
|
Top of the 9th over - 2 runs, 3 hits, 0 errors, 2 left on base; Calgary 8 - District 9 1 |
BOTTOM OF THE 9TH |
District 9 Prawns batting - Pitching for Calgary Cowboys : RHP Esteban Alfonzo
|
Now at 2B: Jorge Balencia
|
|
Batting: LHB Manuel Cardenas
|
0-0: Ground out 6-3 (Groundball, 6)
|
Batting: LHB Al Bartlett
|
0-0: Ball 1-0: Ball 2-0: Called Strike 2-1: Called Strike 2-2: Ball 3-2: Base on Balls
|
Batting: LHB António Romo
|
0-0: Swinging Strike 0-1: Called Strike 0-2: Strikes out looking
|
Batting: RHB José Colón
|
0-0: Swinging Strike 0-1: Ball 1-1: Ball 2-1: Called Strike 2-2: Ground out U3 (Groundball, 34)
|
Bottom of the 9th over - 0 runs, 0 hits, 0 errors, 1 left on base; Calgary 8 - District 9 1 |
|